 Dungeon Crawl Stone Soup version 0.24-a0-479-g9a978d2894 (webtiles) character file.

Game seed: 9478270278802956486

133 Elric the Ruffian (level 4, 0/35 HPs)
             Began as a Draconian Transmuter on July 6, 2019.
             Slain by an orc priest
             ... wielding a +0 mace
              (7 damage)
             ... on level 4 of the Dungeon.
             The game lasted 00:05:09 (2878 turns).

Elric the Ruffian (Draconian Transmuter)            Turns: 2878, Time: 00:05:10

Health: 0/35       AC:  7    Str: 12    XL:     4   Next: 94%
Magic:  6/7        EV: 12    Int: 15    God:
Gold:   126        SH:  0    Dex: 11    Spells: 1/7 levels left

rFire    . . .     SeeInvis .     - Unarmed
rCold    . . .     Gourm    .   (no shield)
rNeg     . . .     Faith    .   (armour unavailable)
rPois    .         Spirit   .   (helmet restricted)
rElec    .         Reflect  .   (no cloak)
rCorr    .         Harm     .   i - +0 pair of gloves
MR       .....                  f - +0 pair of boots
Stlth    +.........             (no amulet)
HPRegen  0.11/turn              (no ring)
MPRegen  0.10/turn              (no ring)

@: confused
A: unfitting armour, cold-blooded, AC +5
a: no special abilities


You were on level 4 of the Dungeon.
You were not hungry.

You visited 1 branch of the dungeon, and saw 4 of its levels.

You collected 126 gold pieces.

Inventory:

Missiles
 a - 75 arrows
Armour
 f - a +0 pair of boots (worn)
 i - a +0 pair of gloves (worn)
Jewellery
 q - an uncursed amulet of the gourmand {unknown}
 s - an uncursed ring of protection from magic {unknown}
Scrolls
 b - 3 scrolls of teleportation {unknown}
 k - 2 scrolls of identify {unknown}
 n - a scroll of fear {unknown}
 o - a scroll of enchant armour {unknown}
 r - a scroll of fog {unknown}
 t - a scroll of remove curse {unknown}
 u - a scroll of amnesia {unknown}
 w - a scroll of enchant weapon {unknown}
Potions
 d - 2 potions of brilliance {unknown}
 e - 2 potions of might {unknown}
 g - a potion of haste {unknown}
 h - 2 potions of curing {unknown}
 j - a potion of heal wounds {unknown}
 l - a potion of lignification {unknown}
 m - a potion of degeneration {unknown}
 p - a potion of resistance {unknown}
Comestibles
 c - 5 rations
 v - a chunk of flesh


   Skills:
 - Level 1.1 Fighting
 - Level 1.7 Dodging
 + Level 4.3 Unarmed Combat
 - Level 2.0 Spellcasting
 + Level 3.7 Transmutations
 + Level 1.2 Poison Magic


You had one spell level left.
You knew the following spells:

 Your Spells              Type           Power        Failure   Level  Hunger
a - Beastly Appendage     Tmut           ##....       4%          1    #......
b - Sticks to Snakes      Tmut           ##......     7%          2    ###....
c - Spider Form           Tmut/Pois      #.........   24%         3    ###....

Your spell library contained the following spells:

 Spells                   Type           Power        Failure   Level  Hunger
 Ice Form                 Ice/Tmut       #.......     71%         4    #####..
 Blade Hands              Tmut           ##........   78%         5    ######.


Dungeon Overview and Level Annotations

Branches:
Dungeon (4/15)
 Temple: D:4-7

Altars:
Gozag
Trog
The Shining One


Innate Abilities, Weirdness & Mutations

Your plain brown scales are hard. (AC +5)
You cannot fit into any form of body armour.
You are cold-blooded and may be slowed by cold attacks.


Message History

Something hits you.
You miss the orc priest. The orc priest barely misses you. Something hits you.
Found a chain mail.
You're too confused to move!
The orc priest barely misses you.
You hear some strange, mumbled words.
You are more confused.
You hit the orc priest.
Your tail-slap misses the orc priest.
Your punch misses the orc priest.
The orc priest is moderately wounded.
The orc priest closely misses you.
You're too confused to cast spells.
The orc priest calls down the wrath of Beogh upon you.
Beogh smites you!
* * * LOW HITPOINT WARNING * * *
Something hits you but does no damage.
You hit the orc priest.
The orc priest is moderately wounded.
The orc priest hits you with a +0 mace!
You die...

#......## #.......#
#.......# #. #........
#.# #......#.####.#
#......#..##...
###......##.##..#
............##..#
#.......@...##..########
........o....#..........
.##......###.##.########
#.#...................
.[.#.#######.#.########
.## #. #####.#.#########
#. .................
#####.#.#########
#.#.#########


You could see an orc priest.

Vanquished Creatures
  An orc priest (D:4)
  3 adders
  2 oozes
  A worm (D:3)
  2 dart slugs
  A leopard gecko (D:2)
  3 orcs
  A giant cockroach (D:2)
  2 goblins (D:2)
  10 hobgoblins
  7 jackals
  2 quokkas (D:2)
  A ball python (D:1)
  8 bats
  2 frilled lizards (D:2)
  6 kobolds
  A leopard gecko zombie (D:2)
  3 rats
56 creatures vanquished.

Vanquished Creatures (collateral kills)
  A worm (D:3)
  A frilled lizard (D:3)
2 creatures vanquished.

Grand Total: 58 creatures vanquished

Notes
Turn   | Place    | Note
-------+----------+-------------------------------------------
     0 | D:1      | Elric the Draconian Transmuter began the quest for the Orb.
     0 | D:1      | Reached XP level 1. HP: 16/16 MP: 3/3
   317 | D:1      | Reached XP level 2. HP: 21/23 MP: 3/5
   500 | D:1      | Learned a level 2 spell: Sticks to Snakes
   763 | D:2      | Reached XP level 3. HP: 18/28 MP: 4/6
  1410 | D:2      | Found a glowing golden altar of the Shining One.
  1410 | D:2      | Found a bloodstained altar of Trog.
  1449 | D:2      | Reached skill level 4 in Unarmed Combat
  1805 | D:2      | Reached XP level 4. HP: 35/35 MP: 5/7
  1894 | D:3      | Learned a level 3 spell: Spider Form
  2332 | D:3      | Found an opulent altar of Gozag.
  2871 | D:4      | Reached skill level 1 in Poison Magic
  2878 | D:4      | Slain by an orc priest

Levels and vault maps discovered:
D:1:      dpeg_arrival_another_circle, layout_basic
D:2:      layout_basic, gammafunk_temple_overflow_elements,
          lightli_corner_chamber
D:3:      layout_loops_ring, nicolae_overflow_hidden_temple, serial_bayou_lake_a
D:4:      layout_basic, zin_academy, minmay_temple_entry_grid, hex_tiny,
          kennysheep_orc_chapel, uniq_blork_the_orc

Skill      XL: |  1  2  3  4 |
---------------+-------------+-----
Transmutations | 3 |  3.7
Unarmed Combat | 4 |  4.3
Poison Magic   | 1 |  1.2
Fighting       | |  1.1
Dodging        | |  1.7
Spellcasting   | |  2.0

Action                   |  1- 3 |  4- 6 || total
-------------------------+-------+-------++-------
Melee: Unarmed           |   113 |    72 ||   185
       Tailslap          |     7 |     7 ||    14
       Headbutt          |    13 |     3 ||    16
       Punch             |     2 |       ||     2
       Kick              |     2 |       ||     2
 Cast: Beastly Appendage |    29 |    14 ||    43
       Sticks to Snakes  |       |     6 ||     6
       Spider Form       |       |     2 ||     2
 Stab: Sleeping          |     1 |       ||     1
  Eat: Chunk             |     3 |     2 ||     5
       Ration            |       |     1 ||     1
Armor: Skin              |    40 |    29 ||    69
Dodge: Dodged            |    79 |    55 ||   134

Table legend:
 A = Non-vault XP
 B = Vault XP
 C = Vault XP percentage of total XP
 D = Non-vault monster count
 E = Vault monster count
 F = Vault count percentage of total count
                 A         B        C        D         E       F
            +---------+---------+-------+---------+---------+-------
      Total |     191 |       0 |   0.0 |      58 |       0 |   0.0
            +---------+---------+-------+---------+---------+-------
        D:1 |      29 |       0 |   0.0 |      15 |       0 |   0.0
        D:2 |      68 |       0 |   0.0 |      22 |       0 |   0.0
        D:3 |      42 |       0 |   0.0 |      15 |       0 |   0.0
        D:4 |      52 |       0 |   0.0 |       6 |       0 |   0.0
            +---------+---------+-------+---------+---------+-------
